 Dungeon Crawl Stone Soup version 0.14.0-26-g1682e81 (webtiles) character file.

298 sprout the Insei (level 5, -3/27 HPs)
             Began as a Vine Stalker Monk on Apr 26, 2014.
             Killed by divine providence
             ... invoked by an orc priest
              (9 damage)
             ... on Level 3 of the Dungeon.
             The game lasted 00:07:27 (1945 turns).

sprout the Insei (Vine Stalker Monk)                Turns: 1945, Time: 00:07:27

HP  -3/27        AC  2     Str 14      XL: 5   Next: 24%
MP   0/7         EV 13     Int 10      God:
Gold 156         SH  0     Dex 17      Spells:  0 memorised,  4 levels left

rFire  . . .     SeeInvis .       - Unarmed
rCold  . . .     Clarity  .     a - +0 robe
rNeg   . . .     Conserve .     (no shield)
rPois  .         rCorr    .     (no helmet)
rElec  .         rRot     +     (no cloak)
SustAb . .       Spirit   +     (no gloves)
rMut   .         Warding  .     (no boots)
Saprov . . .     Stasis   .     (no amulet)
MR     .....                    (no ring)
                                (no ring)

@: not resistant to hostile enchantments, stealthy
A: fangs 2, regeneration 1, magic shield, antimagic bite, no device heal
a: no special abilities


You were on level 3 of the Dungeon.
You were not hungry.

You visited 1 branch of the dungeon, and saw 3 of its levels.

You collected 156 gold pieces.

Inventory:

Armour
 a - a +0 robe (worn)
Magical devices
 l - a wand of flame (10) {unknown}
Comestibles
 b - 2 bread rations
 f - 2 apples
 k - a choko
 n - a pear
Scrolls
 c - 3 scrolls of identify {unknown}
 g - 2 scrolls of recharging {unknown}
 h - a scroll of immolation {unknown}
 i - 2 scrolls of remove curse {unknown}
 j - a scroll of magic mapping {unknown}
 m - 2 scrolls of fog {unknown}
 o - 2 scrolls of teleportation {unknown}
 q - a scroll of amnesia {unknown}
Potions
 d - a potion of resistance {unknown}
 e - 2 potions of curing {unknown}
 p - a potion of might {unknown}
 r - 3 potions of poison {unknown}
 s - a potion of brilliance {unknown}
 t - a potion of paralysis {unknown}


   Skills:
 + Level 2.7 Fighting
 + Level 2.6 Dodging
 + Level 2.7 Stealth
 * Level 6.1 Unarmed Combat


You had 4 spell levels left.
You didn't know any spells.

Dungeon Overview and Level Annotations

Branches:
Dungeon (3/15)

Altars:
Dithmenos


Innate Abilities, Weirdness & Mutations

You are immune to rotting.
You have extremely sharp teeth.
Your natural rate of healing is unusually fast.
When hurt, damage is shared between your health and your magic reserves.
Your bite disrupts and absorbs the magic of your enemies.
Potions and wands cannot restore your HP.


Message History

Something smites you!
You barely miss the orc. The orc barely misses you.
You hit the orc but do no damage. You bite the orc. You drain its power.
You feel invigorated.
The orc is moderately wounded.
The orc barely misses you.
You barely miss the orc.
The orc is moderately wounded.
The orc jeers loudly, in orcish tradition.
You hit the orc.
You kill the orc!
The orc priest utters an invocation to Beogh.
You feel troubled.
The orc priest hits you with a short sword.
* * * LOW HITPOINT WARNING * * *
You hit the orc priest. Your bite misses the orc priest.
The orc priest is severely wounded.
The orc priest mumbles some strange prayers to Beogh against you.
Something smites you!
You die...

#####.########..#
#.# #..# #.# #..#
#.# #o.# #.# #..#
#.# #..# #.# #..#
#.# #o.# #.# #..#
#.# #(.# #.# #..#
#.# #(.# #.# #..#
#.# #(.# .
#..########%#####..#
#.)@o.....))....(..#
####################


You could see an orc priest.

Vanquished Creatures
  An orc priest (D:3)
  4 adders
  A giant gecko (D:2)
  2 oozes
  4 orcs (D:3)
  6 giant cockroaches
  14 hobgoblins
  4 jackals (D:3)
  2 ball pythons (D:1)
  6 bats
  4 giant newts
  3 goblins
  11 kobolds
  7 rats
69 creatures vanquished.

Notes
Turn   | Place    | Note
--------------------------------------------------------------
     0 | D:1      | sprout, the Vine Stalker Monk, began the quest for the Orb.
     0 | D:1      | Reached XP level 1. HP: 11/11 MP: 1/1
    84 | D:1      | Reached XP level 2. HP: 14/16 MP: 3/3
   302 | D:1      | Reached XP level 3. HP: 16/19 MP: 4/4
   413 | D:1      | Reached skill level 5 in Unarmed Combat
   948 | D:2      | Reached XP level 4. HP: 19/23 MP: 5/5
   977 | D:2      | Found a shadowy altar of Dithmenos.
  1712 | D:3      | Reached skill level 6 in Unarmed Combat
  1859 | D:3      | Reached XP level 5. HP: 25/27 MP: 7/7
  1945 | D:3      | Killed from afar by an orc priest

Action                   |  1- 3 |  4- 6 || total
-------------------------+-------+-------++-------
Melee: Unarmed           |   108 |    96 ||   204
 Stab: Sleeping          |     2 |     2 ||     4
